 Dungeon Crawl Stone Soup version 0.31-a0-841-g038b102fc3 (webtiles) character file.

Game seed: 149217769669061893

16 Kurtz the Chopper (level 2, 0/21 HPs)
             Began as an Octopode Fighter on Sept 27, 2023.
             Slain by a kobold
             ... wielding a +0 dagger
              (2 damage)
             ... on level 1 of the Dungeon.
             The game lasted 00:00:20 (210 turns).

Kurtz the Chopper (Octopode Fighter)                 Turns: 210, Time: 00:00:21

Health: 0/21       AC:  1    Str: 15    XL:     2   Next: 54%
Magic:  2/2        EV: 13    Int: 10    God:
Gold:   21         SH:  4    Dex: 11    Spells: 1/1 levels left

rFire   . . .        a - +0 war axe
rCold   . . .        b - +0 buckler
rNeg    . . .        (helmet restricted)
rPois   .            (no amulet)
rElec   .            (no ring)
rCorr   .            (no ring)
SInv    .            (no ring)
Will    .....        (no ring)
Stlth   ++           (no ring)
HPRegen 0.23/turn    (no ring)
MPRegen 0.08/turn    (no ring)
                     (no ring)

%: no passive effects
@: no status effects
A: almost no armour, amphibious, 8 rings, camouflage 1, gelatinous body 1,
(nimble swimmer 1), tentacles
a: no special abilities


You were on level 1 of the Dungeon.
You visited 1 branch of the dungeon, and saw 1 of its levels.

You collected 21 gold pieces.

Inventory:

Hand Weapons
 a - a +0 war axe (weapon)
Missiles
 d - 4 silver javelins (quivered)
Armour
 b - a +0 buckler (worn)
Potions
 c - a potion of might
 e - a potion of curing {unknown}


   Skills:
 - Level 3.0 Fighting
 * Level 3.1 Axes
 - Level 3.0 Dodging
 - Level 3.0 Shields


You had one spell level left.
You didn't know any spells.
Your spell library was empty.

Dungeon Overview and Level Annotations

Branches:
Dungeon (1/15)

Altars:


Innate Abilities, Weirdness & Mutations

You cannot wear most types of armour.
You are amphibious.
You can wear up to eight rings at the same time.
Your skin changes colour to match your surroundings (Stealth+).
Your rubbery body absorbs attacks. (AC +1, EV +1)
((You are camouflaged when in or above water. (Stealth+)))
You have tentacles for arms and can constrict up to eight enemies at once.


Message History

There are monsters nearby!
You slash the dart slug!
You kill the dart slug!
You closely miss the kobold.
The kobold throws a stone.
The stone hits you.
The kobold hits you with a +0 short sword.
Your Axes skill increases to level 3!
There are monsters nearby!
You hit the kobold.
You kill the kobold!
There are monsters nearby!
You barely miss the kobold. Your grab misses the kobold.
Your squeeze misses the kobold. The kobold misses you.
The kobold closely misses you. The kobold barely misses you.
There are monsters nearby!
You hit the kobold but do no damage. Your grab misses the kobold.
Your squeeze misses the kobold. You barely miss the kobold.
The kobold hits you with a +0 dagger.
The kobold hits you with a +0 short sword.
Unknown command.
There are monsters nearby!
You are too injured to fight recklessly!
There are monsters nearby!
You are too injured to fight recklessly!
Unknown command.
You are too injured to fight recklessly!
There are monsters nearby!
You are too injured to fight recklessly!
You closely miss the kobold. You grab the kobold. You slash the kobold!
You kill the kobold!
You constrict the kobold. The kobold hits you with a +0 dagger.
Unknown command.
You release your grip on the kobold.
Found a short sword.
The kobold hits you with a +0 dagger.
* * * LOW HITPOINT WARNING * * *
You see here a +0 short sword.
The kobold hits you with a +0 dagger.
* * * LOW HITPOINT WARNING * * *
You closely miss the kobold. Your grab misses the kobold.
The kobold hits you with a +0 dagger.
You die...

#.......#### #..........#
..........# #........#
###........# ...........#
)..........#
.......@K).##########
.......)...##.......####
...$.......##.......#...
..........###.......#... ##
..................###...
.#########.................###...
..............................>..
.#########.................###.##
.......# ####...#..........# #.#


You could see a kobold.

Vanquished Creatures
  A dart slug (D:1)
  3 bats (D:1)
  An endoplasm (D:1)
  A giant cockroach (D:1)
  A hobgoblin (D:1)
  A quokka (D:1)
  A frilled lizard (D:1)
  4 kobolds (D:1)
13 creatures vanquished.

Notes
Turn   | Place    | Note
-------+----------+-------------------------------------------
     0 | D:1      | Kurtz the Octopode Fighter began the quest for the Orb.
     0 | D:1      | Reached XP level 1. HP: 16/16 MP: 1/1
    84 | D:1      | Reached XP level 2. HP: 17/21 MP: 2/2
   209 | D:1      | HP: 1/21 [kobold/+0 dagger (3)]
   210 | D:1      | Slain by a kobold

Illustrated notes

Levels and vault maps discovered:
D:1:      dpeg_arrival_tiny_c, layout_basic, chequers_serial_rivers_micro_a

Skill      XL: |  1  2 |
---------------+-------+-----
Axes           | 3 |  3.1
Fighting       | |  3.0
Dodging        | |  3.0
Shields        | |  3.0

Action                     || total
---------------------------++-------
  Melee: War axe           ||    24
         Constrict         ||     6
         Tentacles         ||     3
         Punch             ||     1
   Stab: Sleeping          ||     2
 Armour: Skin              ||    13
  Dodge: Dodged            ||    19
  Block: Buckler           ||     3

Table legend: (Time is in decaauts)
 A = Elapsed time spent in this place.
 B = Non-inter-level travel time spent in this place.
 C = Inter-level travel time spent in this place.
 D = Time resting spent in this place.
 E = Time spent auto-exploring this place.
 F = Levels seen in this place.
 G = Mean time per level.
                   A        B        C        D        E       F      G
               +--------+--------+--------+--------+--------+-----+--------+
         Total |    219 |    219 |      0 |      0 |    131 |   1 |  219.0 |
       Dungeon |    219 |    219 |      0 |      0 |    131 |   1 |  219.0 |
               +--------+--------+--------+--------+--------+-----+--------+

Top non-repeatable levels by time:
     D:1: 219 daAuts
